TOP OF THE 1ST |
Grand Forks Caterpillars batting - Pitching for Alameda Airmen : RHP Kendarian Handy-Holly
|
Pitching: RHP Kendarian Handy-Holly
|
|
Batting: SHB Francisco Enríquez
|
0-0: Called Strike 0-1: Ball 1-1: Foul Ball, location: 2F 1-2: Foul Ball, location: 2F 1-2: Strikes out swinging
|
Batting: RHB Jun Kung
|
0-0: Called Strike 0-1: Foul Ball, location: 2F 0-2: Ball 1-2: Fly out, F7 (Flyball, 78S)
|
Batting: SHB Kilipaki Malamapono
|
0-0: Ball 1-0: Fly out, F9 (Flyball, 9)
|
Top of the 1st over - 0 runs, 0 hits, 0 errors, 0 left on base; Grand Forks 0 - Alameda 0 |
BOTTOM OF THE 1ST |
Alameda Airmen batting - Pitching for Grand Forks Caterpillars : RHP António Correa
|
Pitching: RHP António Correa
|
|
Batting: RHB Giuseppe Provolone
|
0-0: Called Strike 0-1: Foul Ball, location: 2F 0-2: Ball 1-2: Strikes out swinging
|
Batting: RHB Guus de Weerdt
|
0-0: DOUBLE (Flyball, 78D)
|
Batting: SHB Charles Weber
|
0-0: Ball 1-0: Foul Ball, location: 2F 1-1: Ball 2-1: Swinging Strike 2-2: Ball 3-2: SINGLE (Flyball, 78S) Guus de Weerdt to third Runner from 3rd tries for Home, SAFE, no throw
|
Batting: LHB Tim O'Neal
|
0-0: Ball 1-0: Ball 2-0: Ball 3-0: Base on Balls Charles Weber to second
|
Batting: RHB Mark Finney
|
0-0: Called Strike 0-1: Foul Ball, location: 2F 0-2: Ball 1-2: Ball 2-2: SINGLE (Groundball, 34D) Charles Weber to third Tim O'Neal to second
|
Batting: LHB Rodrigo Rodríguez
|
0-0: Ball 1-0: Ball 2-0: Swinging Strike 2-1: SINGLE (Line Drive, 4MD) Charles Weber scores Tim O'Neal to third Mark Finney to second Runner from 3rd tries for Home, SAFE, no throw
|
Batting: LHB Ed Berry
|
0-0: Swinging Strike 0-1: Fly out, F8 (Line Drive, 8LD)
|
Batting: RHB Mick Spargo
|
0-0: Called Strike 0-1: Ball 1-1: Ball 2-1: Foul Ball, location: 2F 2-2: Strikes out swinging
|
Bottom of the 1st over - 3 runs, 4 hits, 0 errors, 2 left on base; Grand Forks 0 - Alameda 3 |
TOP OF THE 2ND |
Grand Forks Caterpillars batting - Pitching for Alameda Airmen : RHP Kendarian Handy-Holly
|
Batting: SHB Tony Walsh
|
0-0: Foul Ball, location: 2F 0-1: Ball 1-1: Called Strike 1-2: Ball 2-2: Ball 3-2: Foul Ball, location: 2F 3-2: Foul Ball, location: 2F 3-2: SOLO HOME RUN (Flyball, 7D), Distance : 392 ft
|
Batting: LHB Ieyoshi Samurakami
|
0-0: Ball 1-0: Foul Ball, location: 2F 1-1: Ball 2-1: Ball 3-1: Base on Balls
|
Batting: RHB Moriz Ayushiev
|
0-0: Ball 1-0: Ball 2-0: 2-RUN HOME RUN (Flyball, 7LD), Distance : 352 ft
|
Batting: RHB Hang-ki Chung
|
0-0: Ball 1-0: Ball 2-0: Ball 3-0: Base on Balls
|
Batting: LHB Vicente Gonzáles
|
0-0: Ball 1-0: Ball 2-0: Ball 3-0: Called Strike 3-1: Called Strike 3-2: Foul Ball, location: 2F 3-2: Strikes out swinging
|
Batting: RHB Joaquín Lara
|
0-0: Foul Ball, location: 2F 0-1: Ball 1-1: Ball 2-1: Foul Ball, location: 2F 2-2: Ball 3-2: Strikes out swinging
|
Batting: SHB Francisco Enríquez
|
0-0: Ball 1-0: Ball 2-0: Ball Wild Pitch! Hang-ki Chung to second 3-0: Called Strike 3-1: Called Strike 3-2: Strikes out swinging
|
Top of the 2nd over - 3 runs, 2 hits, 0 errors, 1 left on base; Grand Forks 3 - Alameda 3 |
BOTTOM OF THE 2ND |
Alameda Airmen batting - Pitching for Grand Forks Caterpillars : RHP António Correa
|
Batting: RHB Mike Capes
|
0-0: Called Strike 0-1: Ball 1-1: Called Strike 1-2: Ball 2-2: Ball 3-2: Strikes out looking
|
Batting: RHB Giuseppe Provolone
|
0-0: Ball 1-0: Ball 2-0: Foul Ball, location: 2F 2-1: Ball 3-1: Base on Balls
|
Batting: RHB Guus de Weerdt
|
0-0: Swinging Strike 0-1: Called Strike 0-2: Ball 1-2: Fly out, F6 (Flyball, 6MD)
|
Batting: SHB Charles Weber
|
0-0: Ball Giuseppe Provolone is caught stealing 2nd base
|
Bottom of the 2nd over - 0 runs, 0 hits, 0 errors, 0 left on base; Grand Forks 3 - Alameda 3 |
TOP OF THE 3RD |
Grand Forks Caterpillars batting - Pitching for Alameda Airmen : RHP Kendarian Handy-Holly
|
Batting: RHB Jun Kung
|
0-0: Ball 1-0: Foul Ball, location: 2F 1-1: Foul Ball, location: 2F 1-2: Foul Ball, location: 2F 1-2: Ball 2-2: Fly out, F8 (Flyball, 8LD)
|
Batting: SHB Kilipaki Malamapono
|
0-0: Ball 1-0: Foul Ball, location: 2F 1-1: Ball 2-1: Swinging Strike 2-2: Foul Ball, location: 2F 2-2: Strikes out swinging
|
Batting: SHB Tony Walsh
|
0-0: Foul Ball, location: 2F 0-1: Swinging Strike 0-2: Foul Ball, location: 2F 0-2: Ball 1-2: Strikes out swinging, 2-3 out at first.
|
Top of the 3rd over - 0 runs, 0 hits, 0 errors, 0 left on base; Grand Forks 3 - Alameda 3 |
BOTTOM OF THE 3RD |
Alameda Airmen batting - Pitching for Grand Forks Caterpillars : RHP António Correa
|
Batting: SHB Charles Weber
|
0-0: Ball 1-0: Foul Ball, location: 2F 1-1: Swinging Strike 1-2: Strikes out looking
|
Batting: LHB Tim O'Neal
|
0-0: SINGLE (Groundball, 34S) (infield hit)
|
Batting: RHB Mark Finney
|
0-0: Called Strike 0-1: Ground out U3 (Groundball, 34) Tim O'Neal to second
|
Batting: LHB Rodrigo Rodríguez
|
0-0: Called Strike 0-1: Foul Ball, location: 2F 0-2: Ball 1-2: Ball 2-2: Foul Ball, location: 2F 2-2: Fly out, F8 (Flyball, 8RS)
|
Bottom of the 3rd over - 0 runs, 1 hit, 0 errors, 1 left on base; Grand Forks 3 - Alameda 3 |
TOP OF THE 4TH |
Grand Forks Caterpillars batting - Pitching for Alameda Airmen : RHP Kendarian Handy-Holly
|
Batting: LHB Ieyoshi Samurakami
|
0-0: Ball 1-0: Ball 2-0: SINGLE (Groundball, 34D)
|
Batting: RHB Moriz Ayushiev
|
0-0: Ball 1-0: Called Strike 1-1: Ball 2-1: Foul Ball, location: 2F 2-2: Fielders Choice at 2nd, 1-6 (Groundball, 13S)
|
Batting: RHB Hang-ki Chung
|
0-0: Ball Moriz Ayushiev steals 2nd base 1-0: Foul Ball, location: 2F 1-1: Called Strike 1-2: Strikes out swinging
|
Batting: LHB Vicente Gonzáles
|
0-0: Fly out, F8 (Flyball, 89M)
|
Top of the 4th over - 0 runs, 1 hit, 0 errors, 1 left on base; Grand Forks 3 - Alameda 3 |
BOTTOM OF THE 4TH |
Alameda Airmen batting - Pitching for Grand Forks Caterpillars : RHP António Correa
|
Batting: LHB Ed Berry
|
0-0: Foul Ball, location: 2F 0-1: Swinging Strike 0-2: Ball 1-2: DOUBLE (Line Drive, 78XD)
|
Batting: RHB Mick Spargo
|
0-0: Ball 1-0: Ball 2-0: Foul Ball, location: 2F 2-1: Foul Ball, location: 2F 2-2: Fly out, F8 (Flyball, 8RM)
|
Batting: RHB Mike Capes
|
0-0: Ball 1-0: Called Strike 1-1: Foul Ball, location: 2F 1-2: Strikes out swinging
|
Batting: RHB Giuseppe Provolone
|
0-0: Ball 1-0: Foul Ball, location: 2F 1-1: SINGLE (Groundball, 56D) Ed Berry to third Runner from 3rd tries for Home, throw and OUT!
|
Bottom of the 4th over - 0 runs, 2 hits, 0 errors, 1 left on base; Grand Forks 3 - Alameda 3 |
TOP OF THE 5TH |
Grand Forks Caterpillars batting - Pitching for Alameda Airmen : RHP Kendarian Handy-Holly
|
Batting: RHB Joaquín Lara
|
0-0: Foul Ball, location: 2F 0-1: Called Strike 0-2: Ball 1-2: Ball 2-2: Strikes out swinging
|
Batting: SHB Francisco Enríquez
|
0-0: Ball 1-0: Ball 2-0: Ball 3-0: Called Strike 3-1: Called Strike 3-2: Foul Ball, location: 2F 3-2: Foul Ball, location: 2F 3-2: Base on Balls
|
Pitching: RHP Patrick Buzard
|
|
Batting: RHB Jun Kung
|
0-0: Ball Francisco Enríquez steals 2nd base 1-0: Called Strike 1-1: Called Strike 1-2: Ball 2-2: Foul Ball, location: 2F 2-2: SINGLE (Groundball, 6MD) Francisco Enríquez to third Runner from 3rd tries for Home, throw and OUT! Jun Kung to second
|
Batting: SHB Kilipaki Malamapono
|
0-0: Ball 1-0: Foul Ball, location: 2F 1-1: Ball 2-1: SINGLE (Groundball, 34D) Jun Kung to third Runner from 3rd tries for Home, SAFE, no throw
|
Batting: SHB Tony Walsh
|
0-0: Ball 1-0: Ball 2-0: Called Strike 2-1: Foul Ball, location: 2F 2-2: Strikes out swinging
|
Top of the 5th over - 1 run, 2 hits, 0 errors, 1 left on base; Grand Forks 4 - Alameda 3 |
BOTTOM OF THE 5TH |
Alameda Airmen batting - Pitching for Grand Forks Caterpillars : RHP José Meza
|
Pitching: RHP José Meza
|
|
Batting: RHB Guus de Weerdt
|
0-0: Ball 1-0: Ball 2-0: Called Strike 2-1: Foul Ball, location: 2F 2-2: Ball 3-2: Fly out, F8 (Flyball, 8LD)
|
Batting: SHB Charles Weber
|
0-0: Swinging Strike 0-1: SINGLE (Flyball, 7LS)
|
Batting: LHB Tim O'Neal
|
0-0: Swinging Strike 0-1: Foul Ball, location: 2F 0-2: Strikes out swinging
|
Batting: RHB Mark Finney
|
0-0: Ball 1-0: Called Strike 1-1: Called Strike 1-2: Ball 2-2: Ball 3-2: Strikes out looking
|
Bottom of the 5th over - 0 runs, 1 hit, 0 errors, 1 left on base; Grand Forks 4 - Alameda 3 |
TOP OF THE 6TH |
Grand Forks Caterpillars batting - Pitching for Alameda Airmen : RHP Patrick Buzard
|
Batting: LHB Ieyoshi Samurakami
|
0-0: Swinging Strike 0-1: Called Strike 0-2: Ball 1-2: Strikes out swinging
|
Batting: RHB Moriz Ayushiev
|
0-0: Foul Ball, location: 2F 0-1: Ball 1-1: Called Strike 1-2: Strikes out swinging
|
Batting: RHB Hang-ki Chung
|
0-0: Ball 1-0: Fly out, F5 (Line Drive, 5)
|
Top of the 6th over - 0 runs, 0 hits, 0 errors, 0 left on base; Grand Forks 4 - Alameda 3 |
BOTTOM OF THE 6TH |
Alameda Airmen batting - Pitching for Grand Forks Caterpillars : RHP José Meza
|
Batting: LHB Rodrigo Rodríguez
|
0-0: Ball 1-0: Foul Ball, location: 2F 1-1: Ball 2-1: Ball 3-1: Foul Ball, location: 2F 3-2: Base on Balls
|
Batting: LHB Ed Berry
|
0-0: Called Strike 0-1: Fly out, F8 (Flyball, 8LXD)
|
Batting: RHB Mick Spargo
|
0-0: Ball 1-0: Called Strike Rodrigo Rodríguez steals 2nd base 1-1: Ball 2-1: Ball 3-1: Base on Balls
|
Pitching: RHP Mike Orrsborne
|
|
Batting: RHB Mike Capes
|
0-0: SINGLE (Groundball, 56D) Rodrigo Rodríguez to third Mick Spargo to second Runner from 3rd tries for Home, SAFE, throw made home
|
Batting: RHB Giuseppe Provolone
|
0-0: Foul Ball, location: 2F 0-1: Ball 1-1: Swinging Strike 1-2: Ball 2-2: Strikes out swinging
|
Batting: RHB Guus de Weerdt
|
0-0: Called Strike 0-1: Foul Ball, location: 2F 0-2: Foul Ball, location: 2F 0-2: Ball 1-2: Fly out, F6 (Popup, 6M)
|
Bottom of the 6th over - 1 run, 1 hit, 0 errors, 2 left on base; Grand Forks 4 - Alameda 4 |
TOP OF THE 7TH |
Grand Forks Caterpillars batting - Pitching for Alameda Airmen : RHP Patrick Buzard
|
Batting: LHB Vicente Gonzáles
|
0-0: Called Strike 0-1: Swinging Strike 0-2: Strikes out looking
|
Batting: RHB Joaquín Lara
|
0-0: Fly out, F7 (Flyball, 7S)
|
Batting: SHB Francisco Enríquez
|
0-0: Called Strike 0-1: Swinging Strike 0-2: Ball 1-2: Ball 2-2: Ball 3-2: Strikes out looking
|
Top of the 7th over - 0 runs, 0 hits, 0 errors, 0 left on base; Grand Forks 4 - Alameda 4 |
BOTTOM OF THE 7TH |
Alameda Airmen batting - Pitching for Grand Forks Caterpillars : RHP Mike Orrsborne
|
Pitching: RHP Georg von Trapp
|
|
Batting: SHB Charles Weber
|
0-0: Fly out, F7 (Flyball, 7LS)
|
Batting: LHB Tim O'Neal
|
0-0: SINGLE (Groundball, 4M) (infield hit)
|
Pinch Hitting: LHB Jean Tannen
|
0-0: Called Strike 0-1: SINGLE (Groundball, 6MD) Tim O'Neal to second Tim O'Neal to third
|
Batting: LHB Rodrigo Rodríguez
|
0-0: Called Strike 0-1: Foul Ball, location: 2F 0-2: Foul Ball, location: 2F 0-2: DOUBLE (Flyball, 9D) Tim O'Neal scores Jean Tannen to third
|
Batting: LHB Ed Berry
|
0-0: Called Strike 0-1: Ball 1-1: SINGLE (Flyball, 7LM) Jean Tannen scores Rodrigo Rodríguez to third Runner from 3rd tries for Home, SAFE, throw made home Ed Berry to second
|
Batting: RHB Mick Spargo
|
0-0: Intentional Walk
|
Batting: RHB Mike Capes
|
0-0: Ball 1-0: Grounds into double play, 5-4-3 (Groundball, 56)
|
Bottom of the 7th over - 3 runs, 4 hits, 0 errors, 1 left on base; Grand Forks 4 - Alameda 7 |
TOP OF THE 8TH |
Grand Forks Caterpillars batting - Pitching for Alameda Airmen : RHP Patrick Buzard
|
Now at C: Johnny Henshaw-Jacobs
|
|
Now at 2B: Rafael Gómez
|
|
Batting: RHB Jun Kung
|
0-0: Called Strike 0-1: Ball 1-1: Swinging Strike 1-2: Strikes out swinging
|
Batting: SHB Kilipaki Malamapono
|
0-0: Ball 1-0: Ball 2-0: Foul Ball, location: 2F 2-1: Ball 3-1: Foul Ball, location: 2F 3-2: Strikes out looking
|
Batting: SHB Tony Walsh
|
0-0: Swinging Strike 0-1: Foul Ball, location: 2F 0-2: Ball 1-2: Ground out 5-3 (Groundball, 56)
|
Top of the 8th over - 0 runs, 0 hits, 0 errors, 0 left on base; Grand Forks 4 - Alameda 7 |
BOTTOM OF THE 8TH |
Alameda Airmen batting - Pitching for Grand Forks Caterpillars : LHP John Carlson
|
Pitching: LHP John Carlson
|
|
Batting: RHB Giuseppe Provolone
|
0-0: Ball 1-0: Swinging Strike 1-1: Ball 2-1: Foul Ball, location: 2F 2-2: Foul Ball, location: 2F 2-2: Ball 3-2: Base on Balls
|
Batting: RHB Guus de Weerdt
|
0-0: Called Strike Balk! Giuseppe Provolone to second 0-1: Ball 1-1: Intentional Walk
|
Batting: SHB Charles Weber
|
0-0: Called Strike 0-1: Ball 1-1: Foul Ball, location: 2F 1-2: Fly out, F8 (Flyball, 89D) Runner from 2nd tags up, SAFE at 3rd, no throw
|
Batting: LHB Tim O'Neal
|
0-0: Swinging Strike 0-1: Ball 1-1: Ball 2-1: Ground out 4-3 (Groundball, 4S) Guus de Weerdt to second
|
Batting: RHB Rafael Gómez
|
0-0: Foul Ball, location: 2F 0-1: Ball 1-1: SINGLE (Flyball, 9LS) Giuseppe Provolone scores Guus de Weerdt to third Runner from 3rd tries for Home, SAFE, no throw
|
Batting: LHB Rodrigo Rodríguez
|
0-0: Fly out, F8 (Flyball, 8LXD)
|
Bottom of the 8th over - 2 runs, 1 hit, 0 errors, 1 left on base; Grand Forks 4 - Alameda 9 |
TOP OF THE 9TH |
Grand Forks Caterpillars batting - Pitching for Alameda Airmen : RHP Patrick Buzard
|
Batting: LHB Ieyoshi Samurakami
|
0-0: Called Strike 0-1: Called Strike 0-2: Strikes out swinging
|
Batting: RHB Moriz Ayushiev
|
0-0: Ball 1-0: Foul Ball, location: 2F 1-1: Ball 2-1: Called Strike 2-2: Foul Ball, location: 2F 2-2: Ball 3-2: Strikes out swinging
|
Batting: RHB Hang-ki Chung
|
0-0: Called Strike 0-1: Called Strike 0-2: Foul Ball, location: 2F 0-2: Foul Ball, location: 2F 0-2: Ball 1-2: Fly out, F7 (Flyball, 7)
|
Top of the 9th over - 0 runs, 0 hits, 0 errors, 0 left on base; Grand Forks 4 - Alameda 9 |
|